 Dungeon Crawl Stone Soup version 0.15.1-1-gfacfea3 (webtiles) character file.

151 Rooster the Chopper (level 5, -8/33 HPs)
             Began as a Gargoyle Berserker on Sept 21, 2014.
             Was a Believer of Trog.
             Killed by divine providence
             ... invoked by an orc priest
              (11 damage)
             ... on Level 4 of the Dungeon.
             The game lasted 00:19:44 (2524 turns).

Rooster the Chopper (Gargoyle Berserker)            Turns: 2524, Time: 00:19:48

HP  -8/33        AC 12     Str 22      XL: 5   Next: 33%
MP   5/5         EV  9     Int  7      God: Trog [**....]
Gold 147         SH  2     Dex  9      Spells:  0 memorised,  4 levels left

rFire  . . .     SeeInvis .     a - +1 hand axe
rCold  . . .     Clarity  .     t - +1 ring mail {MR+}
rNeg   + . .     rCorr    .     y - +0 buckler
rPois  +         rRot     +     l - +2 hat
rElec  +         Spirit   .     (no cloak)
SustAb +         Warding  .     (no gloves)
rMut   .         Stasis   .     (no boots)
Gourm  .                        (no amulet)
MR     ++...                    E - ring of sustain abilities
                                p - ring of protection from magic

@: exhausted, slowed, very slow, very resistant to hostile enchantments,
extremely unstealthy
A: negative energy resistance 1, electricity resistance, unbreathing,
petrification resistance, rot immunity, AC +4
a: Burn Spellbooks, Berserk, Trog's Hand, Renounce Religion


You were on level 4 of the Dungeon.
You worshipped Trog.
Trog was pleased with you.
You were near starving.

You visited 1 branch of the dungeon, and saw 4 of its levels.

You collected 147 gold pieces.

Inventory:

Hand weapons
 a - a +1 hand axe (weapon)
Armour
 b - a +0 animal skin
 e - a +0 leather armour
 l - a +2 hat (worn)
 t - a +1 ring mail of magic resistance (worn)
 y - a +0 buckler (worn)
 C - a -2 pair of boots
Comestibles
 c - 3 bread rations
 g - 2 royal jellies
 h - a beef jerky
 j - 2 meat rations
 v - 3 slices of pizza
 J - a chunk of rat flesh
Scrolls
 m - a scroll of enchant weapon
 o - a scroll of enchant armour {unknown}
 r - a scroll of remove curse
 w - a scroll of amnesia {unknown}
 A - a scroll of recharging {unknown}
 B - a scroll of fog {unknown}
 D - 2 scrolls of identify {unknown}
 F - a scroll of random uselessness {unknown}
Jewellery
 p - a ring of protection from magic (left hand)
 E - a ring of sustain abilities (right hand)
Potions
 d - 2 potions of confusion {unknown}
 f - 5 potions of curing
 i - a potion of beneficial mutation {unknown}
 k - 3 potions of brilliance {unknown}
 n - a potion of cure mutation {unknown}
 q - 3 potions of magic {unknown}
 s - a potion of poison {unknown}
 u - 2 potions of might {unknown}
 x - a potion of agility {unknown}
 z - a potion of heal wounds {unknown}


   Skills:
 - Level 3.8 Fighting
 + Level 4.9 Axes
 - Level 2.2 Armour
 - Level 1.7 Dodging


You had 4 spell levels left.
You didn't know any spells.

Dungeon Overview and Level Annotations

Branches:
Dungeon (4/15)
 Temple: D:4-7

Altars:

Annotations:
D:2 Sigmund


Innate Abilities, Weirdness & Mutations

You are resistant to torment.
You are immune to poison.
Your stone body is very resilient (AC +4).
You resist negative energy.
You are resistant to electric shocks.
You can survive without breathing.
You are immune to petrification.
You are immune to rotting.


Message History

The orc is almost dead.
You hit the orc.
You kill the orc!
Trog accepts your kill.
The orc wizard gestures at you while chanting.
The magic dart hits you!
* * * LOW HITPOINT WARNING * * *
The orc hits you but does no damage. The orc closely misses you.
You closely miss the orc.
The orc is almost dead.
The orc wizard barely misses you.
The orc priest's eyes start to glow.
You block the orc wizard's attack. The orc hits you but does no damage.
You barely miss the orc.
The orc is almost dead.
The orc wizard hits you but does no damage.
The orc wizard closely misses you. The orc closely misses you.
The orc priest invokes the aid of Beogh against you.
Something smites you!
You die...

#. #..#...###..#.#.##.#.#..#
#####.#........#.#.##.#.#>.#
...............#.#.........#
..####...####..#.#.##......#
..# #...........#.........#
..# ...####..#######.#####
### ...#.....#######.###
..........oo[......#
...#.##..#@#####.#.# .
.....#)o.......#
...#.#.#...####### ##
#.#.#.....# .
#.##...$######### .
#..........oo....
#..#..#%########. #..#.....
#. #.##.##


You could see an orc priest, an orc wizard and an orc.

Vanquished Creatures
  A worker ant (D:4)
  Terence (D:2)
  4 adders
  An inept feature mimic (D:2)
  A giant mite (D:1)
  A giant gecko (D:1)
  2 oozes
  4 orcs
  A ball python (D:2)
  4 bats
  6 goblins
  7 hobgoblins
  3 jackals (D:2)
  3 quokkas
  4 giant newts
  5 kobolds
  A kobold skeleton (D:4)
  13 rats
62 creatures vanquished.

Notes
Turn   | Place    | Note
--------------------------------------------------------------
     0 | D:1      | Rooster, the Gargoyle Berserker, began the quest for the Orb.
     0 | D:1      | Reached XP level 1. HP: 14/14 MP: 1/1
    76 | D:1      | Reached XP level 2. HP: 14/20 MP: 2/2
   439 | D:1      | Reached XP level 3. HP: 24/24 MP: 3/3
   703 | D:1      | Acquired Trog's second power
   867 | D:2      | Noticed Terence
   888 | D:2      | Killed Terence
   931 | D:2      | Reached XP level 4. HP: 21/29 MP: 4/4
   955 | D:2      | Reached skill level 4 in Axes
  1207 | D:2      | Noticed Sigmund
  2278 | D:4      | Reached XP level 5. HP: 19/33 MP: 5/5
  2520 | D:4      | HP: 1/33 [orc priest/divine providence (12)]
  2524 | D:4      | Killed from afar by an orc priest

Action                   |  1- 3 |  4- 6 || total
-------------------------+-------+-------++-------
Melee: Hand axe          |   111 |   144 ||   255
Invok: Berserk           |     1 |     3 ||     4
       Trog's Hand       |       |     2 ||     2
  Use: Scroll            |       |     6 ||     6
       Potion            |       |     2 ||     2
  Eat: Chunk             |     1 |     7 ||     8
